AoeStats
← amyfp

Black Forest

506172011Analyzed
1v1 RM · 20d ago on Sep 12, 2026· 21m 59s· 2 players
Game mode
Random Map
Map size
Tiny (2 player)
Population
200
Speed
Normal
Resources
Standard
Victory
Conquest
Starting age
Dark Age
Ending age
Imperial Age
RankedLock teamsTeams togetherTeam positionsShared explorationLock speedFull tech treeHidden civsTurbo modeCheats
Victory
Defeat
🇨🇦 Khmer · Canada
270
+20
🇦🇷 Huns · Argentina
367
-20
Wireles4856
11:22 Feudal Age
12:41 Wheelbarrow
13:03 Double-Bit Axe
17:05 Horse Collar
20:41 Castle Age
21:59 Hand Cart
22:09 Fletching
amyfp
10:42 Feudal Age
18:37 Castle Age
Connection lost

Rejoining the realm…

Still unreachable

The connection could not be restored.

Session expired

The server has moved on; the page needs a fresh start.